 Dungeon Crawl Stone Soup version 0.30-a0-170-g85af917532 (webtiles) character file.

Game seed: 5910017427251072514

678 qw the Chopper (level 7, -5/43 HPs)
             Began as a Gargoyle Fighter on Sept 30, 2022.
             Slain by Sigmund
             ... wielding a +0 scythe
              (9 damage)
             ... on level 5 of the Dungeon.
             The game lasted 00:01:26 (4549 turns).

qw the Chopper (Gargoyle Fighter)                   Turns: 4549, Time: 00:01:27

Health: -5/43      AC: 22    Str: 27    XL:     7   Next: 60%
Magic:  7/7        EV:  7    Int:  9    God:
Gold:   191        SH:  4    Dex:  9    Spells: 6/6 levels left

rFire   + . .      SeeInvis .    Y - +0 broad axe
rCold   . . .      Faith    .    c - +0 buckler
rNeg    + . .      Spirit   .    n - +0 plate armour
rPois   inf        Reflect  .    p - +0 helmet
rElec   +          Harm     .    (no cloak)
rCorr   .          Rampage  .    i - +0 pair of gloves
Will    .....                    j - +2 pair of boots
Stlth   ..........               (no amulet)
HPRegen 0.14/turn                q - +6 ring of strength
MPRegen 0.10/turn                m - ring of protection from fire

@: no status effects
A: sickness immunity, AC +4, negative energy resistance 1, electricity
resistance, torment resistance 1, petrification resistance
a: no special abilities


You were on level 5 of the Dungeon.
You visited 1 branch of the dungeon, and saw 5 of its levels.

You collected 191 gold pieces.


Innate Abilities, Weirdness & Mutations

You are immune to sickness and miasma.
Your stone body is resilient. (AC +4)
You are immune to poison.
You resist negative energy. (rN+)
You are resistant to electric shocks. (rElec)
You are resistant to unholy torment.
You are immune to petrification.


   Skills:
 - Level 4.0 Fighting
 + Level 6.6 Axes
 - Level 1.3 Throwing
 - Level 4.0 Armour
 - Level 1.2 Dodging
 - Level 3.2 Shields


You had 6 spell levels left.
You didn't know any spells.
Your spell library was empty.

Inventory:

Hand Weapons
 e - a +0 flail
 Y - a +0 broad axe (weapon)
Missiles
 w - a javelin (quivered)
Armour
 c - a +0 buckler (worn)
 i - a +0 pair of gloves (worn)
 j - a +2 pair of boots (worn)
 n - a +0 plate armour (worn)
 p - a +0 helmet (worn)
Jewellery
 b - a ring of resist corrosion
 k - a ring of ice
 m - a ring of protection from fire (right hand)
 o - a ring of resist corrosion
 q - a +6 ring of strength (left hand)
Scrolls
 a - a scroll of identify
Potions
 d - a potion of might
 f - 2 potions of haste
 h - a potion of curing
 l - a potion of brilliance {unknown}
 r - a potion of cancellation
 s - a potion of resistance {unknown}
 v - a potion of mutation {unknown}

Dungeon Overview and Level Annotations

Branches:
Dungeon (5/15)
 Temple: D:4-7

Altars:
Zin

Annotations:
D:3 3 runed translucent doors, qw's ghost, amateur GrFi; qw's ghost, weakling GrFi
D:5 Sigmund


Message History

You kill the centaur!
You barely miss the necrophage. Something hits you but does no damage.
The necrophage barely misses you.
You hit the necrophage.
The necrophage is moderately damaged.
The necrophage hits you but does no damage.
You block something's attack.
The necrophage hits you but does no damage.
You barely miss the necrophage.
The necrophage is moderately damaged.
The necrophage hits you but does no damage.
Something hits you but does no damage.
You slice the necrophage!!
The necrophage is almost destroyed.
The necrophage hits you but does no damage.
Something hits you but does no damage.
You slice the necrophage!!
You destroy the necrophage!
Something hits you but does no damage.
You swing at nothing.
You swing at nothing.
A magic dart appears from out of thin air!
The magic dart hits you but does no damage.
Something hits you but does no damage.
You swing at nothing.
You swing at nothing.
Something hits you but does no damage.
You swing at nothing.
You block something's attack.
You swing at nothing.
Something hits you!
You swing at nothing.
Something hits you but does no damage.
You swing at nothing.
Something hits you!
You swing at nothing.
Something hits you but does no damage.
You swing at nothing.
Something hits you!
You die...

######## #......#
#......#
####......#########
#....)@.{.##......#
#.........''......#
#........?##......#####
#..(###########.......#
#... #.......# #..
#.......# #. #......>#
## #.....|.' #.......#


There were no monsters in sight!

Vanquished Creatures
  A centaur (D:5)
  2 necrophages
  2 scorpions
  A howler monkey (D:5)
  A hound (D:4)
  A gnoll bouda (D:4)
  Jessica (D:3)
  Ijyb (D:3)
  Robin (D:3)
  6 adders
  6 gnolls
  6 orcs
  4 endoplasms
  3 giant cockroaches
  16 goblins
  12 hobgoblins
  3 jackals (D:2)
  4 kobolds
  3 quokkas
  8 ball pythons
  7 bats
  2 frilled lizards
  7 rats
98 creatures vanquished.

Notes
Turn   | Place    | Note
-------+----------+-------------------------------------------
     0 | D:1      | qw the Gargoyle Fighter began the quest for the Orb.
     0 | D:1      | Reached XP level 1. HP: 14/14 MP: 1/1
     0 | D:1      | 0 ||| qw: Version: 0.2-a-12-gaebbb33
     0 | D:1      | 0 ||| qw: Game counter: 1538
     0 | D:1      | 0 ||| qw: Always use a shield: true
     0 | D:1      | 0 ||| qw: God list: Okawaru
     0 | D:1      | 0 ||| qw: Allow faded altars: false
     0 | D:1      | 0 ||| qw: Do Orc after D:15 true
     0 | D:1      | 0 ||| qw: Do second Lair branch before Depths: true
     0 | D:1      | 0 ||| qw: Lair rune preference: random
     0 | D:1      | 0 ||| qw: Plans: Normal, Zot:1-4, God:TSO, Crypt, Tomb,
                  | Pan, Slime:5, Hells, Abyss, Orb
     0 | D:1      | 0 ||| PLANNING D:1-11
    99 | D:1      | Reached skill level 2 in Axes
   375 | D:1      | Reached XP level 2. HP: 18/19 MP: 2/2
   554 | D:1      | 554 ||| Stepping ~*~*~tactically~*~*~ (stealth).
   793 | D:1      | 793 ||| UPGRADING to +0 pair of gloves.
   798 | D:1      | 798 ||| UPGRADING to +2 pair of boots.
   803 | D:1      | 803 ||| UPGRADING to +0 plate armour.
   813 | D:1      | 813 ||| DROPPING +0 scale mail.
   822 | D:1      | 822 ||| UPGRADING to ring of resist corrosion.
   823 | D:1      | 823 ||| UPGRADING to ring of protection from fire.
   824 | D:1      | 824 ||| READING 3 scrolls labelled XITZUESUNOM.
   828 | D:1      | 828 ||| READING 2 scrolls of identify.
   828 | D:1      | 828 ||| IDENTIFYING lumpy amethyst potion
   829 | D:1      | 829 ||| DROPPING potion of berserk rage.
  1053 | D:2      | Reached skill level 3 in Axes
  1115 | D:2      | Reached XP level 3. HP: 23/23 MP: 3/3
  1184 | D:2      | 1184 ||| Stepping ~*~*~tactically~*~*~ (stealth).
  1201 | D:2      | 1201 ||| Stepping ~*~*~tactically~*~*~ (stealth).
  1202 | D:2      | 1202 ||| Stepping ~*~*~tactically~*~*~ (stealth).
  1212 | D:2      | 1212 ||| Stepping ~*~*~tactically~*~*~ (hiding).
  1213 | D:2      | 1213 ||| Stepping ~*~*~tactically~*~*~ (hiding).
  1221 | D:2      | 1221 ||| Stepping ~*~*~tactically~*~*~ (stealth).
  1222 | D:2      | 1222 ||| Stepping ~*~*~tactically~*~*~ (stealth).
  1224 | D:2      | 1224 ||| Stepping ~*~*~tactically~*~*~ (stealth).
  1388 | D:2      | 1388 ||| Stepping ~*~*~tactically~*~*~ (stealth).
  1407 | D:2      | 1407 ||| Stepping ~*~*~tactically~*~*~ (stealth).
  1418 | D:2      | Reached skill level 1 in Throwing
  1421 | D:2      | Reached XP level 4. HP: 22/28 MP: 4/4
  1713 | D:2      | 1713 ||| UPGRADING to +6 ring of strength.
  1715 | D:2      | 1715 ||| READING scroll labelled JOPIKEI JEOCK.
  1719 | D:2      | 1719 ||| READING scroll labelled KAB SUSUTARO.
  1720 | D:2      | 1720 ||| READING scroll labelled IZU HEONLYSO.
  1721 | D:2      | 1721 ||| READING scroll labelled IREXAM ONNEI.
  1722 | D:2      | 1722 ||| READING scroll labelled ZETEME EROODWOBI.
  1723 | D:2      | 1723 ||| READING scroll labelled UBREECSIAGYANG.
  1724 | D:2      | 1724 ||| DRINKING 2 smoky blue potions.
  1725 | D:2      | 1725 ||| READING 5 scrolls of identify.
  1725 | D:2      | 1725 ||| IDENTIFYING lumpy orange potion
  1726 | D:2      | 1726 ||| READING 4 scrolls of identify.
  1726 | D:2      | 1726 ||| IDENTIFYING metallic grey potion
  1727 | D:2      | 1727 ||| READING 3 scrolls of identify.
  1727 | D:2      | 1727 ||| IDENTIFYING sapphire potion
  1728 | D:2      | 1728 ||| READING 2 scrolls of identify.
  1728 | D:2      | 1728 ||| IDENTIFYING white potion
  1729 | D:2      | 1729 ||| DROPPING potion of degeneration.
  1730 | D:2      | 1730 ||| DROPPING potion of invisibility.
  1731 | D:2      | 1731 ||| DROPPING potion of ambrosia.
  1732 | D:2      | 1732 ||| DROPPING potion of flight.
  1789 | D:3      | Noticed Jessica
  1801 | D:3      | Killed Jessica
  1802 | D:3      | Reached skill level 4 in Axes
  1806 | D:3      | Reached XP level 5. HP: 13/32 MP: 5/5
  2039 | D:3      | Found a faded altar of an unknown god.
  2066 | D:3      | Noticed Ijyb
  2067 | D:3      | 2067 ||| Stepping ~*~*~tactically~*~*~ (hiding).
  2082 | D:3      | HP: 8/32 [constriction (1)]
  2083 | D:3      | Killed Ijyb
  2378 | D:3      | 2378 ||| Stepping ~*~*~tactically~*~*~ (stealth).
  2381 | D:3      | 2381 ||| Stepping ~*~*~tactically~*~*~ (stealth).
  2390 | D:3      | 2390 ||| SWAPPING to +0 broad axe.
  2391 | D:3      | 2391 ||| DROPPING +0 war axe.
  2416 | D:3      | Found a glowing silver altar of Zin.
  2418 | D:3      | 2418 ||| Stepping ~*~*~tactically~*~*~ (stealth).
  2419 | D:3      | Noticed Robin
  2420 | D:3      | 2420 ||| Stepping ~*~*~tactically~*~*~ (stealth).
  2422 | D:3      | 2422 ||| Stepping ~*~*~tactically~*~*~ (hiding).
  2424 | D:3      | 2424 ||| Stepping ~*~*~tactically~*~*~ (hiding).
  2429 | D:3      | Killed Robin
  2434 | D:3      | 2434 ||| Stepping ~*~*~tactically~*~*~ (stealth).
  2461 | D:3      | 2461 ||| Stepping ~*~*~tactically~*~*~ (stealth).
  2555 | D:3      | Found a runed translucent gate.
  2555 | D:3      | Found a runed translucent gate.
  2555 | D:3      | Found a runed translucent gate.
  2559 | D:3      | Noticed qw's ghost (weakling GrFi)
  2559 | D:3      | Noticed qw's ghost (amateur GrFi)
  2559 | D:3      | Noticed qw's ghost (amateur GrFi)
  2882 | D:3      | 2882 ||| DROPPING scarf of invisibility.
  2883 | D:3      | 2883 ||| UPGRADING to +0 helmet.
  2888 | D:3      | 2888 ||| DRINKING 2 ruby potions.
  2889 | D:3      | 2889 ||| READING 2 scrolls of identify.
  2889 | D:3      | 2889 ||| IDENTIFYING inky potion
  3221 | D:4      | Reached skill level 5 in Axes
  3221 | D:4      | Reached XP level 6. HP: 30/37 MP: 6/6
  3290 | D:4      | HP: 9/38 [gnoll/+0 halberd[a gnoll bouda] (6)]
  3291 | D:4      | 3291 ||| READING scroll of teleportation.
  3292 | D:4      | 3292 ||| DRINKING potion of heal wounds.
  3789 | D:4      | Reached skill level 6 in Axes
  4199 | D:4      | Reached XP level 7. HP: 43/43 MP: 7/7
  4320 | D:4      | 4320 ||| READING scroll labelled CUASTIERAE.
  4379 | D:5      | Entered Level 5 of the Dungeon
  4476 | D:5      | 4476 ||| Stepping ~*~*~tactically~*~*~ (stealth).
  4481 | D:5      | Reached skill level 1 in Dodging
  4528 | D:5      | Noticed Sigmund
  4547 | D:5      | HP: 4/43 [something (7)]
  4549 | D:5      | Slain by Sigmund

Levels and vault maps discovered:
D:1:      dpeg_arrival_brainrot, layout_basic, solitary_fountain
D:2:      layout_loops_ring, minmay_split_cup_large
D:3:      layout_basic, zin_academy, gammafunk_ghost_cemetery,
          nicolae_ecumenical_oubliette, chequers_serial_rivers_room_b,
          uniq_jessica, uniq_robin, uniq_ijyb
D:4:      layout_layer_cave
D:5:      layout_basic, kennysheep_slug_shrine,
          mainiacjoe_overflow_six_doors_small, uniq_sigmund

Skill      XL: |  1  2  3  4  5  6  7 |
---------------+----------------------+-----
Axes           | 2 3 4 5 6 |  6.6
Throwing       | 1 |  1.3
Fighting       | 4 |  4.0
Armour         | 4 |  4.0
Dodging        | 1 |  1.2
Shields        | |  3.2

Action                   |  1- 3 |  4- 6 |  7- 9 || total
-------------------------+-------+-------+-------++-------
Melee: War axe           |   109 |    45 |       ||   154
       Broad axe         |       |    79 |    23 ||   102
Throw: Javelin           |    11 |    27 |     1 ||    39
  Use: Scroll            |     2 |    12 |     1 ||    15
       Potion            |       |     3 |       ||     3
Armor: Scale mail        |    33 |       |       ||    33
       Plate armour      |    52 |   123 |    32 ||   207
Dodge: Dodged            |    40 |    52 |    10 ||   102
Block: Buckler           |    27 |    29 |     6 ||    62

Table legend:
 A = Non-vault XP
 B = Vault XP
 C = Vault XP percentage of total XP
 D = Non-vault monster count
 E = Vault monster count
 F = Vault count percentage of total count
                 A         B        C        D         E       F
            +---------+---------+-------+---------+---------+-------
      Total |     828 |     141 |  14.6 |      79 |      19 |  19.4
            +---------+---------+-------+---------+---------+-------
        D:1 |      22 |       0 |   0.0 |      14 |       0 |   0.0
        D:2 |      34 |      31 |  47.7 |      20 |       4 |  16.7
        D:3 |      59 |     110 |  65.1 |      21 |      15 |  41.7
        D:4 |     370 |       0 |   0.0 |      19 |       0 |   0.0
        D:5 |     343 |       0 |   0.0 |       5 |       0 |   0.0
            +---------+---------+-------+---------+---------+-------
